Map: 宿怨战场-天梯版

Players

Has - Winner!

  • Race: Protoss Protoss

Sioras

  • Race: Zerg Zerg

Event: WESG 2018 Grand Finals

VOD

Have the link to the VOD?

Description

Time

  • Played on: March 11, 2019, 7:01 a.m.
  • Length: 8:14

All games in this series

Show
View Real Time Build Order
Export as new Build Order

Has Protoss - Winner!

Build Orders: 1 Gate Expand 

Get SALT Encoding   

  12  0:00  Probe  
  13  0:12  Probe  
  14  0:19  Pylon  
  14  0:24  Probe  
  15  0:33  Probe  
  15  0:40  Gateway  
  15  0:41  Probe  
  16  0:47  Assimilator  
  17  0:52  Probe  
  18  1:01  Probe  
  18  1:09  Probe  
  20  1:25  Nexus  
  20  1:34  Cybernetics Core  
  20  1:37  Probe  
  21  1:45  Assimilator  
  21  1:49  Pylon  
  21  1:52  Probe  
  22  2:04  Probe  
  23  2:10  Stalker, Warp Gate  
  23  2:14  Probe  
  25  2:22  Probe  
  26  2:27  Twilight Council  
  27  2:30  Probe  
  27  2:31  Adept  
  28  2:38  Probe  
  28  2:42  Probe  
  32  2:46  Resonating Glaives  
  32  2:50  Probe  
  33  2:54  Probe  
  34  2:59  Gateway  
  34  3:02  Gateway  
  34  3:04  Probe  
  35  3:09  Probe  
  36  3:13  Adept  
  36  3:16  Probe  
  39  3:21  Pylon  
  39  3:22  Probe  
  40  3:28  Probe  
  41  3:34  Probe  
  41  3:40  Probe  
  43  3:44  Pylon  
  43  3:47  Probe  
  46  3:52  Probe  
  45  3:56  Robotics Facility  
  45  3:59  Probe  
  45  4:00  Adept x3  
  52  4:05  Probe  
  53  4:11  Probe  
  54  4:20  Pylon  
  54  4:21  Adept x3  
  60  4:29  Probe x2  
  60  4:31  Assimilator  
  61  4:32  Forge  
  61  4:35  Assimilator  
  61  4:41  Probe  
  61  4:42  Pylon  
  62  4:55  Protoss Ground Weapons Level 1  
  62  4:56  Immortal  
  62  4:59  Probe x2  
  62  5:01  Pylon  
  62  5:06  Adept x2  
  70  5:08  Nexus  
  70  5:12  Pylon  
  70  5:15  Gateway  
  70  5:25  Gateway  
  70  5:26  Gateway  
  70  5:32  Adept x3  
  66  5:36  Warp Prism  
  66  5:39  Pylon  
  60  5:43  Gateway  
  62  5:53  Sentry x2  
  62  5:54  Sentry  
  68  5:58  Probe x2  
  68  6:02  Immortal  
  68  6:03  Gateway  
  70  6:10  Probe x2  
  72  6:13  Sentry  
  72  6:17  Sentry  
  72  6:18  Sentry x2  
  82  6:21  Adept  
  82  6:25  Adept  
  88  6:28  Probe x2  
  88  6:31  Probe  
  91  6:40  Pylon, Probe  
  91  6:42  Pylon  
  91  6:46  Adept  
  94  6:49  Adept x4  
  94  6:51  Sentry  
  94  6:53  Adept  
  106  7:10  Adept x5  
  106  7:11  Adept  
  106  7:13  Adept  
  120  7:27  Sentry  
  122  7:33  Adept x2  
  122  7:36  Adept x2  
  124  7:38  Sentry  
  124  7:43  Pylon  
  120  7:45  Pylon  
  120  7:47  Adept x2  
Show
View Real Time Build Order
Export as new Build Order

Sioras Zerg 

Build Orders: Hatch First 

Get SALT Encoding   

  12  0:00  Drone  
  13  0:07  Drone  
  14  0:14  Extractor  
  14  0:15  Drone  
  15  0:22  Overlord  
  15  0:44  Hatchery  
  15  0:47  Drone  
  15  0:51  Drone  
  15  0:54  Drone  
  17  1:09  Spawning Pool  
  16  1:12  Drone  
  16  1:14  Extractor  
  16  1:17  Drone  
  17  1:21  Drone  
  18  1:32  Drone  
  19  1:41  Drone  
  20  1:52  Overlord  
  20  1:56  Queen x2, Drone  
  25  2:03  Zergling x2  
  25  2:07  Zergling x2  
  27  2:15  Drone  
  28  2:17  Drone  
  29  2:24  Drone  
  29  2:26  Metabolic Boost  
  30  2:35  Hatchery  
  30  2:36  Drone  
  30  2:38  Drone  
  30  2:41  Drone  
  32  2:45  Overlord  
  32  2:50  Drone  
  33  2:59  Drone  
  34  3:06  Zergling x2, Drone x3  
  34  3:07  Queen  
  34  3:12  Drone  
  41  3:13  Overlord  
  41  3:22  Drone  
  41  3:24  Drone  
  43  3:33  Drone x2  
  45  3:36  Spore Crawler, Drone  
  45  3:37  Drone  
  45  3:38  Spore Crawler, Drone  
  46  3:43  Queen  
  46  3:45  Overlord  
  46  3:46  Drone  
  49  3:49  Drone  
  49  3:51  Baneling Nest  
  49  3:53  Queen  
  49  3:54  Drone  
  52  3:56  Drone  
  52  3:59  Drone  
  54  4:07  Zergling x4  
  56  4:11  Drone  
  56  4:15  Drone x3  
  60  4:17  Overlord, Extractor  
  60  4:18  Queen  
  60  4:22  Overlord  
  61  4:24  Zergling x2  
  61  4:30  Zergling x4  
  64  4:33  Zergling x2  
  65  4:38  Baneling x4  
  65  4:39  Zergling x2  
  65  4:40  Zergling x2  
  65  4:43  Baneling x2  
  66  4:46  Zergling x4  
  66  4:47  Zergling x4  
  66  4:51  Overlord  
  66  4:52  Zergling x2  
  71  4:53  Zergling x4  
  71  4:55  Zergling x2  
  68  5:03  Zergling x4  
  68  5:04  Drone  
  68  5:05  Drone x3  
  68  5:06  Spore Crawler  
  73  5:13  Drone  
  74  5:21  Drone x2  
  74  5:22  Lair  
  74  5:24  Drone  
  74  5:25  Extractor  
  74  5:28  Drone x2  
  77  5:35  Drone  
  71  5:37  Drone x2  
  68  5:44  Evolution Chamber  
  68  5:47  Drone  
  68  5:48  Zergling x2  
  68  5:49  Zergling x2  
  70  5:56  Drone x4  
  75  5:57  Drone x3  
  75  6:01  Extractor  
  75  6:02  Overlord, Extractor  
  75  6:05  Drone  
  75  6:07  Zergling x2  
  78  6:11  Zergling x6  
  78  6:12  Zergling x2  
  81  6:18  Zerg Melee Weapons Level 1  
  81  6:19  Overlord  
  81  6:23  Hydralisk Den, Drone  
  81  6:27  Drone x3  
  81  6:31  Drone x2  
  81  6:32  Overlord x2  
  86  6:33  Overlord  
  86  6:43  Centrifical Hooks  
  86  6:49  Hatchery  
  86  6:53  Hydralisk x4  
  86  6:54  Grooved Spines, Hydralisk x6  
  87  6:58  Hydralisk  
  87  6:59  Zergling x2  
  87  7:00  Zergling x4  
  110  7:03  Queen  
  110  7:07  Overlord  
  110  7:08  Zergling x4  
  114  7:10  Baneling x4  
  114  7:11  Baneling  
  114  7:12  Zergling x2  
  114  7:14  Zergling x4  
  117  7:20  Baneling x3  
  117  7:21  Zergling x8  
  117  7:22  Zergling x2  
  115  7:25  Hydralisk  
  115  7:26  Zergling x2  
  112  7:34  Hydralisk x3  
  102  7:39  Hydralisk  
  102  7:40  Zergling x2  
  98  7:44  Zergling x6  
  98  7:46  Hydralisk  
  98  7:47  Hydralisk x2  
  98  7:48  Zergling x2  
  98  7:49  Zergling x2  
Tags
 
Add a new tag
Caveats
  • Supply blocks, unpowered buildings, or Contaminate may cause inaccurate times.
  • Supply counts are checked every 10 seconds.